 Dungeon Crawl Stone Soup version 0.20-a0-772-g73021bd (console) character file.

718 HarryHood the Cudgeler (level 7, -1/94 HPs)
             Began as a Minotaur Berserker on Feb 27, 2017.
             Was an Elder of Trog.
             Slain by a gnoll
             ... wielding a +0 spear
              (3 damage)
             ... on level 3 of the Dungeon.
             The game lasted 00:14:00 (2697 turns).

HarryHood the Cudgeler (Minotaur Berserker)         Turns: 2697, Time: 00:14:00

Health: -1/94      AC:  7    Str: 26    XL:     7   Next: 42%
Magic:  6/6        EV: 12    Int:  4    God:    Trog [****..]
Gold:   186        SH:  0    Dex: 12    Spells: 6/6 levels left

rFire    . . .     SeeInvis .   a - +1 mace
rCold    . . .     Gourm    .   o - +0 scale mail
rNeg     . . .     Faith    .   (no shield)
rPois    .         Spirit   .   (helmet restricted)
rElec    .         Reflect  .   (no cloak)
rCorr    .         Harm     .   (no gloves)
MR       ++...                  (no boots)
Stlth    ..........             (no amulet)
Regen    1.3/turn               (no ring)
MPRegen  0.1/turn               (no ring)

@: berserking, regenerating, glowing, very quick
A: retaliatory headbutt, horns 2
a: Berserk, Trog's Hand, Brothers in Arms, Burn Spellbooks, Renounce Religion


You were on level 3 of the Dungeon.
You worshipped Trog.
Trog was greatly pleased with you.
You were very hungry.

You visited 1 branch of the dungeon, and saw 3 of its levels.

You collected 186 gold pieces.

Inventory:

Hand Weapons
 a - a +1 mace (weapon)
 b - a +0 hunting sling
Missiles
 e - 106 stones (quivered)
 p - 30 sling bullets
Armour
 o - a +0 scale mail (worn)
Scrolls
 j - a scroll of magic mapping {unknown}
 r - a scroll of identify {@r1}
 s - 2 scrolls of teleportation {@r0}
 t - a scroll of enchant weapon
Potions
 d - a potion of flight
 g - a potion of lignification {!q}
 h - 3 potions of brilliance
 i - a potion of magic {unknown}
 l - 2 potions of heal wounds {@q1}
 n - 2 potions of might {unknown}
Comestibles
 c - 2 bread rations {@e1}
 f - 21 chunks of flesh
 k - 2 fruits {@e2}
 m - 3 royal jellies {@e3}
 q - 2 meat rations {@e1}


   Skills:
 - Level 6.1 Fighting
 - Level 6.3 Maces & Flails
 - Level 6.0 Armour
 * Level 4.0 Dodging


You had 6 spell levels left.
You didn't know any spells.

Dungeon Overview and Level Annotations

Branches:
Dungeon (3/15)

Altars:


Innate Abilities, Weirdness & Mutations

You reflexively headbutt those who attack you in melee.
You have a pair of horns on your head.


Message History

The gnoll is severely wounded.
The gnoll hits you from afar with a spear.
* * * LOW HITPOINT WARNING * * *
The gnoll barely misses you. You furiously retaliate!
You headbutt the gnoll!
You kill the gnoll!
Trog accepts your kill.
Your Dodging skill increases to level 4!
The gnoll hits you with a club.
* * * LOW HITPOINT WARNING * * *
You hit the gnoll shaman.
The gnoll shaman is moderately wounded.
The gnoll hits you but does no damage. The gnoll shaman hits you with a whip.
* * * LOW HITPOINT WARNING * * *
The gnoll hits you from afar with a spear!
* * * LOW HITPOINT WARNING * * *
The gnoll hits you but does no damage.
You hit the gnoll shaman. You headbutt the gnoll shaman!
The gnoll shaman is severely wounded.
The gnoll hits you from afar with a spear.
You die...

#########''''######
#.......#....#.....
#.......#....#..... #
#.......'....).....
#.#####'#################
#.....#.......#....#.....
#.....#......)..≈≈.......
##''#gg.......)≈.......
#..gg)@.....#....#.....
#..gg########....######
#....' #...##...#
#######################
.................
≈≈≈≈≈≈≈≈≈≈≈≈≈≈≈≈≈
≈≈≈≈≈≈≈≈≈≈≈≈≈≈≈≈≈
≈≈≈≈≈≈≈≈≈))≈≈≈≈≈≈
...............P÷


You could see a gnoll shaman and 5 gnolls.

Vanquished Creatures
  The ghost of edricgarran the Chopper, an amateur MiBe of Trog (D:3)
  An ogre (D:3)
  3 gnoll shamans (D:3)
  An orc wizard (D:3)
  Natasha (twice) (D:2)
  23 gnolls (D:3)
  An adder (D:2)
  An ooze (D:3)
  A worm (D:3)
  2 dart slugs
  2 leopard geckos
  10 orcs (D:3)
  4 giant cockroaches
  10 goblins
  7 hobgoblins
  18 jackals
  2 ball pythons
  6 bats
  5 frilled lizards
  7 kobolds
  5 rats
112 creatures vanquished.

Notes
Turn   | Place    | Note
-------+----------+-------------------------------------------
     0 | D:1      | HarryHood the Minotaur Berserker began the quest for the Orb.
     0 | D:1      | Reached XP level 1. HP: 19/19 MP: 0/0
   130 | D:1      | Reached skill level 4 in Fighting
   370 | D:1      | Reached XP level 2. HP: 27/27 MP: 1/1
   774 | D:1      | Reached ** piety under Trog
   924 | D:1      | Reached skill level 5 in Fighting
  1060 | D:2      | Reached XP level 3. HP: 32/36 MP: 2/2
  1123 | D:2      | Noticed Natasha
  1125 | D:2      | Killed Natasha
  1136 | D:2      | Noticed Natasha
  1141 | D:2      | Killed Natasha
  1141 | D:2      | Reached skill level 6 in Fighting
  1141 | D:2      | Reached XP level 4. HP: 35/44 MP: 3/3
  1626 | D:2      | Reached skill level 4 in Maces & Flails
  1941 | D:3      | Noticed edricgarran's ghost (amateur MiBe)
  1949 | D:3      | Killed edricgarran's ghost
  1949 | D:3      | Reached *** piety under Trog
  1949 | D:3      | Reached skill level 6 in Maces & Flails
  1949 | D:3      | Reached XP level 5. HP: 44/50 MP: 4/4
  2011 | D:3      | Reached XP level 6. HP: 54/57 MP: 5/5
  2221 | D:3      | Received a gift from Trog
  2224 | D:3      | Reached skill level 3 in Armour
  2292 | D:3      | Found a faded altar of an unknown god.
  2345 | D:3      | Reached skill level 4 in Armour
  2444 | D:3      | Reached skill level 5 in Armour
  2511 | D:3      | Reached XP level 7. HP: 38/63 MP: 6/6
  2559 | D:3      | Reached **** piety under Trog
  2591 | D:3      | Reached skill level 6 in Armour
  2594 | D:3      | Reached skill level 3 in Dodging
  2695 | D:3      | HP: 9/94 [gnoll/spear (5)]
  2695 | D:3      | Reached skill level 4 in Dodging
  2696 | D:3      | HP: 1/94 [gnoll/spear (7)]
  2697 | D:3      | Slain by a gnoll

Vault maps used:
D:1:      eino_arrival_cavern_d
D:2:      hangedman_abyss_or_decor_lesser_grid, uniq_natasha
D:3:      lemuel_castle_with_subvaults, chequers_ecumenical_altar_simple_redux,
          minmay_crystal_water, minmay_misc_feat_x

Skill      XL: |  1  2  3  4  5  6  7 |
---------------+----------------------+-----
Fighting       | 4 5 6 |  6.1
Maces & Flails | 6 |  6.3
Armour         | 5 6 |  6.0
Dodging        | 4 |  4.0

Action                   |  1- 3 |  4- 6 |  7- 9 || total
-------------------------+-------+-------+-------++-------
Melee: Mace              |    53 |   153 |    49 ||   255
       Headbutt          |     5 |    31 |    11 ||    47
 Fire: Hunting sling     |       |    11 |       ||    11
Invok: Berserk           |       |       |     1 ||     1
       Trog's Hand       |       |       |     1 ||     1
  Use: Scroll            |     5 |     4 |       ||     9
       Potion            |       |     1 |       ||     1
  Eat: Chunk             |     1 |     4 |     1 ||     6
Armor: Animal skin       |     2 |       |       ||     2
       Scale mail        |    12 |    56 |    26 ||    94
Dodge: Dodged            |    24 |    86 |    34 ||   144
